 Dungeon Crawl Stone Soup version 0.31-a0-162-gc4c5a43528 (webtiles) character file.

Game seed: 66860273886994691

54454 qw the Marksgargoyle (level 14, -21/94 HPs)
             Began as a Gargoyle Hunter on June 12, 2023.
             Was a High Priest of Okawaru.
             Demolished by an enormous slime creature (54 damage)
             ... on level 12 of the Dungeon.
             The game lasted 00:08:45 (15663 turns).

qw the Marksgargoyle (Gargoyle Hunter)             Turns: 15663, Time: 00:08:46

Health: -21/94     AC: 24    Str: 15    XL:     14   Next: 73%
Magic:  20/21      EV: 20    Int: 11    God:    Okawaru [*****.]
Gold:   1417       SH:  0    Dex: 19    Spells: 13/13 levels left

rFire   + . .        z - +2 arbalest of Iroreili {heavy, Fly Will+ Dex+2}
rCold   . . .        (shield currently unavailable)
rNeg    + . .        i - +0 troll leather armour
rPois   inf          b - +2 helmet
rElec   +            A - scarf {repulsion}
rCorr   +            l - +1 pair of gloves
SInv    .            h - +0 pair of boots
Will    ++...        g - amulet of faith
Stlth   +++          c - ring of resist corrosion
HPRegen 1.15/turn    q - ring of protection from fire
MPRegen 0.17/turn

%: repel missiles, faith
@: about to teleport, heroic, flying
A: sickness immunity, AC +10, big wings, negative energy resistance 1,
electricity resistance, torment resistance 1, petrification resistance
a: Renounce Religion, Heroism, Finesse, Duel


You were on level 12 of the Dungeon.
You worshipped Okawaru.
Okawaru was extremely pleased with you.
You visited 3 branches of the dungeon, and saw 18 of its levels.

You collected 1452 gold pieces.
You spent 35 gold pieces at shops.


Innate Abilities, Weirdness & Mutations

You are immune to sickness and miasma.
Your stone body is resilient. (AC +10)
You are immune to poison.
Your large and strong wings let you fly.
You resist negative energy. (rN+)
You are resistant to electric shocks. (rElec)
You are resistant to unholy torment.
You are immune to petrification.


   Skills:
 - Level 13.0(18.0) Fighting
 - Level 18.2(23.2) Ranged Weapons
 - Level 7.0(12.0) Armour
 + Level 7.1(12.1) Dodging
 - Level 1.1(6.1) Stealth
 - Level 10.0 Invocations


You had 13 spell levels left.
You didn't know any spells.
Your spell library was empty.

Inventory:

Hand Weapons
 u - a +0 longbow
 z - the +2 arbalest of Iroreili (weapon) {heavy, Fly Will+ Dex+2}
   (Okawaru gifted it to you on level 5 of the Lair of Beasts)

   Dex:       It affects your dexterity (+2).
   Fly:       It grants you flight.
   Will:      It increases your willpower.
Armour
 b - a +2 helmet (worn)
 e - a +0 cloak
 h - a +0 pair of boots (worn)
 i - a +0 troll leather armour (worn)
 l - a +1 pair of gloves (worn)
 y - the +1 robe "Qithrumn" {rC+ Str+3 Int+2}
   (You found it on level 5 of the Lair of Beasts)

   Str:       It affects your strength (+3).
   Int:       It affects your intelligence (+2).
   rC:        It protects you from cold.
 A - a scarf of repulsion (worn)
Jewellery
 c - a ring of resist corrosion (left hand)
 g - an amulet of faith (around neck)
 j - a ring of fire
 q - a ring of protection from fire (right hand)
 x - a ring of positive energy
Scrolls
 a - 15 scrolls of identify
 k - 5 scrolls of teleportation
 w - a scroll of noise {unknown}
Potions
 d - 6 potions of curing
 f - 4 potions of might
 m - 2 potions of haste
 n - 5 potions of heal wounds
 o - 2 potions of attraction
 p - 3 potions of lignification
 r - 2 potions of cancellation
 s - 2 potions of mutation
 t - a potion of magic
 v - a potion of resistance

Dungeon Overview and Level Annotations

Branches:
Dungeon (12/15)            Temple (1/1) D:4            Lair (5/5) D:11
  Swamp (0/4) Lair:2       Spider (0/4) Lair:2        Slime (0/5) Lair:4
    Orc: D:9-12

Altars:
Ashenzari
Cheibriados
Dithmenos
Elyvilon
Fedhas
Gozag
Hepliaklqana
Kikubaaqudgha
Makhleb
Nemelex Xobeh
Okawaru
Qazlal
Ru
Sif Muna
Trog
Uskayaw
Vehumet
Wu Jian
Xom
Yredelemnul
Zin
The Shining One
Jiyva

Shops:
D:8 (   D:10 *

Annotations:
D:5 2 transporters, qw's ghost, novice GrFi
D:11 3 runed translucent doors, qw's ghost, journeyman NaHu
Lair:4 1 runed translucent door, qw's ghost, journeyman MiHu


Message History

You shoot a bolt. The bolt hits the slime creature.
The slime creature is lightly wounded.
A slime creature comes into view.
You shoot a bolt. The bolt hits the slime creature.
The slime creature is lightly wounded.
A slime creature comes into view.
You shoot a bolt.
The bolt barely misses the slime creature.
The slime creature quivers.
The bolt hits the slime creature but does no damage.
The slime creature misses you.
The slime creature hits you but does no damage.
Two slime creatures merge to form a large slime creature.
You shoot a bolt.
The bolt barely misses the large slime creature.
The bolt hits the slime creature.
The slime creature is lightly wounded.
Two slime creatures merge to form a very large slime creature.
15659 ||| INVOKING Heroism.
You gain the combat prowess of a mighty hero.
The very large slime creature hits you!!
You shoot a bolt.
The bolt hits the very large slime creature!
The very large slime creature is lightly wounded.
Two slime creatures merge to form an enormous slime creature.
15661 ||| READING 6 scrolls of teleportation.
As you read the scroll of teleportation, it crumbles to dust.
You feel strangely unstable.
The enormous slime creature closely misses you.
You shoot a bolt.
The bolt hits the enormous slime creature but does no damage.
The enormous slime creature is lightly wounded.
The enormous slime creature hits you!!!
The enormous slime creature closely misses you.
You shoot a bolt.
The bolt hits the enormous slime creature!!!!
The enormous slime creature is moderately wounded.
The enormous slime creature hits you!!!
Ouch! That really hurt!
You die...

..###.###.#.#
#>......#.#.####.#
#.#...............
#.#####.....####.#
..# #....## #.#
#######.##.### #.#
......[.##...# #.#
############.# #J#
.........# #.###@#
########.# #.....#
#.# ####..# #.#
#........... #.#
#........... #.#
#...........
#####.######..#####.
###.............#
.........<..(...#


You could see an enormous slime creature.

Vanquished Creatures
  A fire dragon (Lair:5)
  A catoblepas (Lair:5)
  5 hydras
  3 death yaks (Lair:5)
  3 two-headed ogres
  A boulder beetle (Lair:4)
  4 skysharks
  A swamp dragon (Lair:5)
  Pikel (D:6)
  An ugly thing (D:12)
  2 cyclopes
  A wolf spider (Lair:5)
  A manticore (D:11)
  9 elephants (Lair:4)
  Joseph (D:9)
  A guardian serpent (Lair:5)
  10 black mambas
  2 torpor snails
  An unseen horror (D:11)
  11 cane toads
  A kobold demonologist (D:11)
  3 rime drakes
  8 komodo dragons
  8 trolls
  2 hornets (Lair:5)
  3 polar bears
  13 blink frogs
  A jumping spider (Lair:2)
  12 dream sheep (Lair:3)
  A slime creature (D:12)
  A vampire (D:11)
  43 yaks
  10 wyverns
  3 culicivoras (Lair:2)
  3 basilisks
  A wraith (D:11)
  3 steam dragons
  6 redbacks
  4 vampire mosquitoes (D:10)
  23 water moccasins
  2 swamp worms (Lair:2)
  3 acid dragons (Lair:5)
  3 orc warriors
  A swamp drake (Lair:5)
  3 sky beasts
  3 ice beasts
  6 black bears
  An ogre (D:5)
  A lemure (D:6)
  4 wolves (Lair:4)
  4 centaurs
  2 phantoms
  A gnoll sergeant (D:11)
  7 bullfrogs
  2 cane toad simulacra (Lair:5)
  3 kobold brigands
  5 necrophages (Lair:3)
  4 scorpions
  4 wights (D:7)
  An elephant simulacrum (Lair:5)
  11 killer bees
  5 howler monkeys
  15 jellies (Lair:4)
  2 orc priests
  8 hounds
  5 iguanas
  2 sleepcaps
  Natasha (thrice) (D:3)
  6 orc wizards
  6 hell rats (Lair:3)
  A polar bear simulacrum (Lair:5)
  A wolf simulacrum (Lair:5)
  Robin (D:3)
  22 adders
  3 gnolls (D:11)
  2 shadow imps
  A white imp (D:7)
  9 worms
  2 dart slugs
  18 orcs
  6 ball pythons
  5 endoplasms
  4 giant cockroaches
  6 goblins
  8 hobgoblins
  8 jackals
  5 quokkas
  2 bats
  A frilled lizard (D:3)
  15 kobolds
  4 rats
456 creatures vanquished.

Notes
Turn   | Place    | Note
-------+----------+-------------------------------------------
     0 | D:1      | qw the Gargoyle Hunter began the quest for the Orb.
     0 | D:1      | Reached XP level 1. HP: 12/12 MP: 1/1
     0 | D:1      | 0 ||| qw: Version: 0.2-a-29-gc1b59c4
     0 | D:1      | 0 ||| qw: Game counter: 4350
     0 | D:1      | 0 ||| qw: Always use a shield: true
     0 | D:1      | 0 ||| qw: God list: Okawaru
     0 | D:1      | 0 ||| qw: Allow faded altars: false
     0 | D:1      | 0 ||| qw: Do Orc after D:15 true
     0 | D:1      | 0 ||| qw: Do second Lair branch before Depths: true
     0 | D:1      | 0 ||| qw: Lair rune preference: random
     0 | D:1      | 0 ||| qw: Plans: Normal, Zot:1-4, Slime:5, God:TSO, Crypt,
                  | Tomb, Abyss, Pan, Hells, Win
     0 | D:1      | 0 ||| PLANNING D:1-11
   293 | D:1      | Reached XP level 2. HP: 17/17 MP: 2/2
   744 | D:1      | 744 ||| UPGRADING to +0 cloak.
   749 | D:1      | 749 ||| UPGRADING to amulet of faith.
   754 | D:1      | 754 ||| READING 2 scrolls labelled ERUDAXK IJALEM.
   755 | D:1      | 755 ||| READING scroll labelled VUGAEN YPEVUE.
   756 | D:1      | 756 ||| DROPPING scroll of butterflies.
   840 | D:2      | Found a faded altar of an unknown god.
   852 | D:2      | Reached XP level 3. HP: 21/21 MP: 3/3
   875 | D:2      | Reached skill level 5 in Ranged Weapons
   915 | D:2      | Reached skill level 3 in Fighting
  1003 | D:2      | Reached XP level 4. HP: 27/28 MP: 4/4
  1444 | D:2      | 1444 ||| UPGRADING to +0 ring mail.
  1454 | D:2      | 1454 ||| DROPPING +0 leather armour.
  1455 | D:2      | 1455 ||| UPGRADING to +0 pair of boots.
  1460 | D:2      | 1460 ||| READING scroll labelled PIYSES YKKI.
  1461 | D:2      | 1461 ||| READING scroll labelled ROSULA QEODGHO.
  1462 | D:2      | 1462 ||| READING 2 scrolls of identify.
  1462 | D:2      | 1462 ||| IDENTIFYING clear potion
  1591 | D:3      | Noticed Robin
  1592 | D:3      | 1592 ||| Stepping ~*~*~tactically~*~*~ (outnumbered).
  1598 | D:3      | Reached XP level 5. HP: 32/32 MP: 5/5
  1598 | D:3      | 1598 ||| Stepping ~*~*~tactically~*~*~ (outnumbered).
  1603 | D:3      | Killed Robin
  1604 | D:3      | Reached skill level 1 in Armour
  1628 | D:3      | Found a white marble altar of Elyvilon.
  1899 | D:3      | Noticed Natasha
  1906 | D:3      | Killed Natasha
  1907 | D:3      | Reached skill level 6 in Ranged Weapons
  2419 | D:3      | Noticed Natasha
  2423 | D:3      | Killed Natasha
  2438 | D:3      | Noticed Natasha
  2441 | D:3      | Killed Natasha
  2448 | D:3      | 2448 ||| UPGRADING to +0 helmet.
  2453 | D:3      | 2453 ||| UPGRADING to +0 pair of gloves.
  2458 | D:3      | 2458 ||| READING scroll labelled YFFIBE EDGHIA.
  2462 | D:3      | 2462 ||| READING scroll labelled QINUYD UGAE.
  2486 | D:3      | 2486 ||| READING scroll labelled CAEMEBB RIXUE.
  2487 | D:3      | 2487 ||| READING 2 scrolls of identify.
  2487 | D:3      | 2487 ||| IDENTIFYING white potion
  2534 | D:4      | Found a glowing silver altar of Zin.
  2538 | D:4      | Reached XP level 6. HP: 38/38 MP: 6/6
  2567 | D:4      | Found a staircase to the Ecumenical Temple.
  2568 | D:4      | 2568 ||| PLANNING TEMPLE
  2616 | D:4      | 2616 ||| FLEEEEING.
  2634 | D:4      | 2634 ||| UPGRADING to ring of resist corrosion.
  2635 | D:4      | 2635 ||| READING scroll labelled LERRAK CIUSMUM.
  2636 | D:4      | 2636 ||| READING 2 scrolls of identify.
  2636 | D:4      | 2636 ||| IDENTIFYING purple potion
  2652 | Temple   | Entered the Ecumenical Temple
  2661 | Temple   | 2661 ||| PLANNING OKAWARU WORSHIP
  2851 | Temple   | Became a worshipper of Warmaster Okawaru
  2851 | Temple   | 2851 ||| PLANNING D:1-11
  2980 | D:4      | Noticed a black bear
  2995 | D:4      | Killed a black bear
  2996 | D:4      | Reached skill level 7 in Ranged Weapons
  2996 | D:4      | Reached XP level 7. HP: 30/43 MP: 7/7
  3211 | D:4      | 3211 ||| READING scroll of enchant weapon.
  3211 | D:4      | 3211 ||| ENCHANTING +1 shortbow.
  3409 | D:4      | 3409 ||| DROPPING scarf of harm.
  3410 | D:4      | 3410 ||| DRINKING 2 emerald potions.
  3439 | D:4      | 3439 ||| DRINKING 2 murky ruby potions.
  3440 | D:4      | 3440 ||| READING 2 scrolls of identify.
  3440 | D:4      | 3440 ||| IDENTIFYING bubbling sapphire potion
  3448 | D:5      | Entered Level 5 of the Dungeon
  3461 | D:5      | HP: 8/43 [ice beast (14)]
  3462 | D:5      | 3462 ||| READING 2 scrolls of teleportation.
  3463 | D:5      | 3463 ||| DRINKING 2 potions of heal wounds.
  3467 | D:5      | 3467 ||| FLEEEEING.
  3468 | D:5      | 3468 ||| FLEEEEING.
  3469 | D:5      | 3469 ||| FLEEEEING.
  3470 | D:5      | 3470 ||| FLEEEEING.
  3471 | D:5      | 3471 ||| FLEEEEING.
  3473 | D:5      | 3473 ||| FLEEEEING.
  3474 | D:5      | 3474 ||| FLEEEEING.
  3475 | D:5      | 3475 ||| FLEEEEING.
  3476 | D:5      | 3476 ||| FLEEEEING.
  3477 | D:5      | 3477 ||| STAIRDANCE
  3589 | D:5      | Reached * piety under Okawaru
  3590 | D:5      | Reached skill level 8 in Ranged Weapons
  3594 | D:5      | Found a transporter.
  3629 | D:5      | 3629 ||| INVOKING Heroism.
  3636 | D:5      | Reached skill level 1 in Invocations
  3641 | D:5      | 3641 ||| INVOKING Heroism.
  3862 | D:5      | Reached XP level 8. HP: 47/49 MP: 8/10
  3999 | D:5      | Noticed qw's ghost (novice GrFi)
  4000 | D:5      | Identified the +1 trident of the Fifty Servitors {chaos,
                  | rPois rN+ rCorr Int+6}
  4017 | D:5      | Found a transporter.
  4105 | D:5      | Reached skill level 3 in Invocations
  4208 | D:5      | Reached skill level 3 in Armour
  4214 | D:5      | 4214 ||| READING 8 scrolls of identify.
  4214 | D:5      | 4214 ||| IDENTIFYING fizzy white potion
  4215 | D:5      | 4215 ||| DROPPING potion of berserk rage.
  4225 | D:6      | 4225 ||| PLANNING SEWER
  4392 | D:6      | Reached ** piety under Okawaru
  4460 | D:6      | 4460 ||| INVOKING Heroism.
  4487 | D:6      | 4487 ||| INVOKING Heroism.
  4491 | D:6      | 4491 ||| Stepping ~*~*~tactically~*~*~ (cloud).
  4657 | D:6      | Reached skill level 9 in Ranged Weapons
  4788 | D:6      | 4788 ||| READING scroll of enchant armour.
  4788 | D:6      | 4788 ||| ENCHANTING +0 pair of gloves.
  4823 | D:6      | 4823 ||| RIP SEWER
  4824 | D:6      | 4824 ||| PLANNING D:1-11
  4830 | D:6      | Reached skill level 6 in Fighting
  4830 | D:6      | Reached XP level 9. HP: 55/55 MP: 12/12
  4838 | D:6      | Noticed Pikel
  4838 | D:6      | 4838 ||| INVOKING Heroism.
  4874 | D:6      | 4874 ||| INVOKING Heroism.
  4879 | D:6      | Killed Pikel
  4879 | D:6      | Reached *** piety under Okawaru
  4880 | D:6      | Reached skill level 10 in Ranged Weapons
  5063 | D:6      | Found a glowing golden altar of the Shining One.
  5081 | D:6      | Found a bloodstained altar of Trog.
  5351 | D:6      | 5351 ||| READING scroll labelled BISSOSK PASOLL.
  5352 | D:6      | 5352 ||| READING 7 scrolls of identify.
  5352 | D:6      | 5352 ||| IDENTIFYING green potion
  5353 | D:6      | 5353 ||| DROPPING potion of enlightenment.
  5372 | D:7      | 5372 ||| INVOKING Heroism.
  5391 | D:7      | 5391 ||| STAIRDANCE
  5393 | D:7      | 5393 ||| STAIRDANCE
  5395 | D:6      | 5395 ||| DRINKING potion of curing.
  5395 | D:6      | 5395 ||| (to cure confusion)
  5407 | D:6      | 5407 ||| INVOKING Heroism.
  5533 | D:7      | Noticed a troll
  5534 | D:7      | 5534 ||| INVOKING Heroism.
  5549 | D:7      | Killed a troll
  5664 | D:7      | 5664 ||| INVOKING Heroism.
  6006 | D:7      | Reached skill level 11 in Ranged Weapons
  6027 | D:7      | Reached **** piety under Okawaru
  6035 | D:7      | Reached XP level 10. HP: 48/64 MP: 13/13
  6177 | D:7      | 6177 ||| Stepping ~*~*~tactically~*~*~ (outnumbered).
  6179 | D:7      | 6179 ||| Stepping ~*~*~tactically~*~*~ (outnumbered).
  6472 | D:7      | Reached skill level 3 in Dodging
  6478 | D:7      | 6478 ||| INVOKING Heroism.
  6526 | D:7      | 6526 ||| INVOKING Heroism.
  6669 | D:7      | 6669 ||| SWAPPING to +0 orcbow.
  6670 | D:7      | 6670 ||| DROPPING +2 shortbow.
  7071 | D:7      | 7071 ||| UPGRADING to +0 troll leather armour.
  7081 | D:7      | 7081 ||| DROPPING +0 ring mail.
  7082 | D:7      | 7082 ||| READING scroll labelled PIMABOC IKHI.
  7083 | D:7      | 7083 ||| READING scroll labelled XOMMOE JERRUPSUO.
  7084 | D:7      | 7084 ||| DRINKING 2 cyan potions.
  7085 | D:7      | 7085 ||| READING 6 scrolls of identify.
  7085 | D:7      | 7085 ||| IDENTIFYING brown potion
  7172 | D:8      | 7172 ||| INVOKING Heroism.
  7204 | D:8      | 7204 ||| INVOKING Heroism.
  7352 | D:8      | Reached skill level 6 in Invocations
  7470 | D:8      | Found a sparkling altar of Nemelex Xobeh.
  7532 | D:8      | Found Vinoamis's Antique Weapon Shop.
  7554 | D:8      | Reached ***** piety under Okawaru
  7594 | D:8      | 7594 ||| Stepping ~*~*~tactically~*~*~ (outnumbered).
  7874 | D:8      | 7874 ||| UPGRADING to ring of protection from fire.
  7875 | D:8      | 7875 ||| READING scroll labelled WUKELU CACOLOI.
  8076 | D:9      | 8076 ||| INVOKING Heroism.
  8175 | D:9      | Noticed Joseph
  8187 | D:9      | 8187 ||| INVOKING Heroism.
  8191 | D:9      | Killed Joseph
  8192 | D:9      | Reached skill level 12 in Ranged Weapons
  8276 | D:9      | Identified the +0 hat of Tomorrow {Fly Str+2} (Okawaru
                  | gifted it to you on level 9 of the Dungeon)
  8276 | D:9      | Received a gift from Okawaru
  8282 | D:9      | 8282 ||| INVOKING Heroism.
  8666 | D:9      | 8666 ||| SWAPPING to +0 longbow.
  8667 | D:9      | 8667 ||| DROPPING +0 orcbow of freezing.
  8724 | D:9      | 8724 ||| UPGRADING to +2 helmet.
  8734 | D:9      | 8734 ||| DROPPING +0 helmet.
  8735 | D:9      | 8735 ||| UPGRADING to +0 hat of Tomorrow {Fly Str+2}.
  8745 | D:9      | 8745 ||| DROPPING ring of wizardry.
  8746 | D:9      | 8746 ||| READING scroll labelled WURICE DIOGEU.
  8847 | D:9      | 8847 ||| READING 7 scrolls of identify.
  8847 | D:9      | 8847 ||| IDENTIFYING dark potion
  8848 | D:9      | 8848 ||| DROPPING potion of degeneration.
  8880 | D:10     | Entered Level 10 of the Dungeon
  8985 | D:10     | Found Ytifacer's CLEARANCE SALE!.
  9018 | D:10     | 9018 ||| INVOKING Heroism.
  9024 | D:10     | Reached XP level 11. HP: 27/68 MP: 14/17
  9028 | D:10     | HP: 16/68 [yak (4)]
  9029 | D:10     | 9029 ||| READING 5 scrolls of teleportation.
  9030 | D:10     | 9030 ||| DRINKING 3 potions of heal wounds.
  9031 | D:10     | HP: 5/68 [yak (3)]
  9032 | D:10     | 9032 ||| DRINKING 2 potions of heal wounds.
  9095 | D:10     | 9095 ||| INVOKING Heroism.
  9124 | D:10     | 9124 ||| BUYING potion of heal wounds (35 gold).
  9124 | D:10     | Bought a potion of heal wounds for 35 gold pieces
  9145 | D:10     | 9145 ||| INVOKING Heroism.
  9169 | D:10     | Reached skill level 9 in Invocations
  9303 | D:10     | 9303 ||| INVOKING Heroism.
  9377 | D:10     | Noticed a two-headed ogre
  9378 | D:10     | 9378 ||| INVOKING Heroism.
  9385 | D:10     | Killed a two-headed ogre
  9536 | D:10     | 9536 ||| INVOKING Heroism.
  9538 | D:10     | 9538 ||| Stepping ~*~*~tactically~*~*~ (outnumbered).
  9661 | D:11     | Noticed a cyclops
  9662 | D:11     | 9662 ||| INVOKING Heroism.
  9669 | D:11     | Reached skill level 13 in Ranged Weapons
  9672 | D:11     | Killed a cyclops
  9708 | D:11     | Noticed qw's ghost (journeyman NaHu)
  9716 | D:11     | Found a runed translucent gate.
  9716 | D:11     | Found a runed translucent gate.
  9716 | D:11     | Found a runed translucent gate.
  9737 | D:11     | Noticed a two-headed ogre
  9738 | D:11     | 9738 ||| INVOKING Heroism.
  9743 | D:11     | Killed a two-headed ogre
  9790 | D:11     | Noticed a two-headed ogre
  9791 | D:11     | 9791 ||| INVOKING Heroism.
  9795 | D:11     | Killed a two-headed ogre
  9796 | D:11     | Reached skill level 9 in Fighting
  9849 | D:11     | Noticed a manticore
  9850 | D:11     | 9850 ||| INVOKING Heroism.
  9863 | D:11     | Noticed a soul eater
  9864 | D:11     | Killed a manticore
  9880 | D:11     | Noticed a sixfirhy
  9884 | D:11     | HP: 10/71 [ice devil[a kobold demonologist] (21)]
  9885 | D:11     | 9885 ||| READING 5 scrolls of teleportation.
  9886 | D:11     | 9886 ||| DRINKING 2 potions of heal wounds.
 10175 | D:11     | 10175 ||| INVOKING Heroism.
 10275 | D:11     | Reached XP level 12. HP: 39/76 MP: 19/19
 10379 | D:11     | Found a staircase to the Lair.
 10411 | D:11     | Found a shimmering blue altar of Sif Muna.
 10510 | D:11     | 10510 ||| PLANNING LAIR
 10510 | D:11     | 10510 ||| READING 8 scrolls of identify.
 10510 | D:11     | 10510 ||| IDENTIFYING inky potion
 10511 | D:11     | 10511 ||| DROPPING potion of brilliance.
 10554 | Lair:1   | Entered Level 1 of the Lair of Beasts
 10554 | Lair:1   | Noticed a four-headed hydra
 10555 | Lair:1   | 10555 ||| INVOKING Heroism.
 10571 | Lair:1   | Killed a four-headed hydra
 10572 | Lair:1   | Reached skill level 14 in Ranged Weapons
 10593 | Lair:1   | 10593 ||| INVOKING Heroism.
 10842 | Lair:1   | 10842 ||| INVOKING Heroism.
 10901 | Lair:1   | 10901 ||| INVOKING Heroism.
 11152 | Lair:1   | 11152 ||| INVOKING Heroism.
 11163 | Lair:1   | Reached skill level 15 in Ranged Weapons
 11229 | Lair:1   | 11229 ||| READING 8 scrolls of identify.
 11229 | Lair:1   | 11229 ||| IDENTIFYING glowing golden potion
 11278 | Lair:2   | Identified the +0 chain mail "Hiceihab" {rPois Dex+6
                  | Slay-2} (Okawaru gifted it to you on level 2 of the Lair of
                  | Beasts)
 11278 | Lair:2   | Received a gift from Okawaru
 11307 | Lair:2   | Noticed a four-headed hydra
 11308 | Lair:2   | 11308 ||| INVOKING Heroism.
 11340 | Lair:2   | 11340 ||| INVOKING Finesse.
 11344 | Lair:2   | Killed a four-headed hydra
 11470 | Lair:2   | Found a staircase to the Swamp.
 11472 | Lair:2   | 11472 ||| INVOKING Heroism.
 11517 | Lair:2   | Found a hole to the Spider Nest.
 11550 | Lair:2   | 11550 ||| INVOKING Heroism.
 11763 | Lair:2   | 11763 ||| INVOKING Heroism.
 11966 | Lair:2   | 11966 ||| READING scroll labelled HYETHI HAEH.
 11983 | Lair:3   | 11983 ||| INVOKING Heroism.
 12007 | Lair:3   | 12007 ||| STAIRDANCE
 12047 | Lair:3   | 12047 ||| STAIRDANCE
 12049 | Lair:2   | 12049 ||| INVOKING Heroism.
 12074 | Lair:3   | Reached XP level 13. HP: 75/82 MP: 20/20
 12079 | Lair:3   | 12079 ||| INVOKING Heroism.
 12120 | Lair:3   | 12120 ||| INVOKING Heroism.
 12130 | Lair:3   | Reached skill level 16 in Ranged Weapons
 12182 | Lair:3   | 12182 ||| INVOKING Heroism.
 12613 | Lair:3   | 12613 ||| INVOKING Heroism.
 12699 | Lair:3   | 12699 ||| INVOKING Heroism.
 12910 | Lair:4   | 12910 ||| INVOKING Heroism.
 12911 | Lair:4   | 12911 ||| INVOKING Finesse.
 12962 | Lair:4   | 12962 ||| STAIRDANCE
 12966 | Lair:4   | 12966 ||| STAIRDANCE
 12968 | Lair:3   | 12968 ||| INVOKING Heroism.
 13043 | Lair:4   | Reached skill level 17 in Ranged Weapons
 13081 | Lair:4   | 13081 ||| INVOKING Heroism.
 13083 | Lair:4   | 13083 ||| INVOKING Finesse.
 13094 | Lair:4   | Received a gift from Okawaru
 13114 | Lair:4   | Reached skill level 6 in Dodging
 13174 | Lair:4   | Identified the +0 kite shield of the Catfish {rC+ rCorr
                  | Slay+2} (Okawaru gifted it to you on level 4 of the Lair of
                  | Beasts)
 13174 | Lair:4   | Received a gift from Okawaru
 13268 | Lair:4   | 13268 ||| INVOKING Heroism.
 13378 | Lair:4   | 13378 ||| INVOKING Heroism.
 13475 | Lair:4   | Found a staircase to the Slime Pits.
 13476 | Lair:4   | Found a viscous altar of Jiyva.
 13544 | Lair:4   | 13544 ||| INVOKING Heroism.
 13549 | Lair:4   | Gained mutation: Your large and strong wings let you fly.
                  | [Gargoyle growth]
 13549 | Lair:4   | Reached XP level 14. HP: 65/90 MP: 18/21
 13554 | Lair:4   | Reached skill level 18 in Ranged Weapons
 13769 | Lair:4   | Found a runed translucent door.
 13772 | Lair:4   | Identified the +5 trident of Rotation {flame, rC+ MP+9
                  | Str+4 SInv}
 13773 | Lair:4   | Noticed qw's ghost (journeyman MiHu)
 14070 | Lair:4   | 14070 ||| UPGRADING to +2 helmet.
 14080 | Lair:4   | 14080 ||| DROPPING +0 hat of Tomorrow {Fly Str+2}.
 14081 | Lair:4   | 14081 ||| READING 11 scrolls of identify.
 14081 | Lair:4   | 14081 ||| IDENTIFYING metallic dark potion
 14100 | Lair:5   | Entered Level 5 of the Lair of Beasts
 14122 | Lair:5   | 14122 ||| INVOKING Heroism.
 14149 | Lair:5   | Identified the +1 ring mail "Rirupn" {rElec rN+ Int-3}
 14228 | Lair:5   | Found a frozen archway.
 14261 | Lair:5   | Reached skill level 6 in Armour
 14285 | Lair:5   | 14285 ||| INVOKING Heroism.
 14314 | Lair:5   | HP: 15/91 [death yak (18)]
 14315 | Lair:5   | 14315 ||| READING 7 scrolls of teleportation.
 14316 | Lair:5   | 14316 ||| DRINKING 3 potions of heal wounds.
 14376 | Lair:5   | Identified the +1 robe "Qithrumn" {rC+ Str+3 Int+2}
 14436 | Lair:5   | 14436 ||| INVOKING Heroism.
 14442 | Lair:5   | Reached skill level 12 in Fighting
 14569 | Lair:5   | 14569 ||| INVOKING Heroism.
 14577 | Lair:5   | Identified the +2 arbalest of Iroreili {heavy, Fly Will+
                  | Dex+2} (Okawaru gifted it to you on level 5 of the Lair of
                  | Beasts)
 14577 | Lair:5   | Received a gift from Okawaru
 14602 | Lair:5   | 14602 ||| SWAPPING to +2 arbalest of Iroreili {heavy, Fly
                  | Will+ Dex+2}.
 14700 | Lair:5   | 14700 ||| INVOKING Heroism.
 14701 | Lair:5   | 14701 ||| INVOKING Finesse.
 14757 | Lair:5   | 14757 ||| INVOKING Heroism.
 15006 | Lair:5   | 15006 ||| FLEEEEING.
 15009 | Lair:5   | 15009 ||| FLEEEEING.
 15388 | Lair:5   | 15388 ||| INVOKING Heroism.
 15428 | Lair:5   | 15428 ||| PLANNING D
 15428 | Lair:5   | 15428 ||| DROPPING +1 ring mail "Rirupn" {rElec rN+ Int-3}.
 15429 | Lair:5   | 15429 ||| UPGRADING to scarf of repulsion.
 15439 | Lair:5   | 15439 ||| READING scroll labelled RAF SAATEKAIM.
 15659 | D:12     | 15659 ||| INVOKING Heroism.
 15661 | D:12     | 15661 ||| READING 6 scrolls of teleportation.
 15663 | D:12     | Demolished by an enormous slime creature

Levels and vault maps discovered:
D:1:      minmay_arrival_five_plusses, layout_basic
D:2:      layout_loops_cross, shapermc_ecumenical_altar_pompeii
D:3:      layout_loops_ring, mainiacjoe_overflow_cross_hatched,
          kennysheep_cross_bottleneck, kennysheep_nub, uniq_robin, uniq_natasha
D:4:      minmay_spotlight, layout_basic, zin_academy,
          minmay_temple_entry_sparse_star, nicolae_wormholes
D:5:      layout_rooms, serial_corexii_hall, corexii_hall_statues_s,
          corexii_hall_statues_x, gammafunk_ghost_gnarly_gnolls
D:6:      layout_basic, mainiacjoe_overflow_swirl, cheibrodos_sewer_entry_drain,
          dreamdust_princess_bridge, grunt_ministairs_5, nicolae_half_adder,
          uniq_pikel
D:7:      layout_layer_cave, kennysheep_small_square
D:8:      layout_rooms, nemelex_diamond_rough_becter, serial_curves,
          eino_curves_02, eino_curves_02, serial_shops,
          nicolae_shop_window_shopping, nicolae_hexahallways,
          mrwooster_statue_mirror, st_stairs_5
D:9:      layout_grid_maze, uniq_joseph
D:10:     layout_gridville, nicolae_shop_clearance
D:11:     layout_long_grid, lair_entry_dummy, gammafunk_ghost_icy,
          nicolae_sif_muna_little_library
D:12:     layout_basic, david_orc_4, hellmonk_ghost_happy_afterlife,
          uniq_jorgrun, uniq_urug
Temple:   minmay_crystal_spiral_temple
Lair:1:   layout_cave_shapes, grunt_megastairs_2
Lair:2:   layout_gridlike, minmay_swamp_entry_worms,
          nicolae_spider_entry_tight_spaces
Lair:3:   layout_concentric_octagons, serial_forest, infiniplex_forest_end_1,
          infiniplex_forest_zigzag_2, infiniplex_forest_split,
          infiniplex_forest_lined_1, infiniplex_forest_zigzag_1,
          infiniplex_forest_end_3, roderic_carrion_pond, grunt_megastairs_5
Lair:4:   layout_regular_city, minmay_slime_entry_jelly_boxes,
          ebering_ghost_funeral_grove, pond, lemuel_fruit_tree
Lair:5:   hangedman_lair_tendril_chambers, layout_regular_city,
          guppyfry_lair_end_dragon, portal_ice_cave_entry_ice_simulacra

Skill      XL: |  1  2  3  4  5  6  7  8  9 10 11 12 13 14 |
---------------+-------------------------------------------+-----
Ranged Weapons | 5 6 7 8 9 11 12 13 15 17 18 | 18.2
Fighting       | 3 4 5 6 7 8 9 10 11 13 | 13.0
Armour         | 1 2 3 4 5 7 |  7.0
Invocations    | 2 4 8 10 | 10.0
Dodging        | 2 3 4 5 6 7 |  7.1
Stealth        | |  1.1

Action                     |  1- 3 |  4- 6 |  7- 9 | 10-12 | 13-15 || total
---------------------------+-------+-------+-------+-------+-------++-------
   Fire: Shortbow          |    88 |   163 |   447 |    85 |       ||   783
         Orcbow            |       |       |       |   191 |       ||   191
         Longbow           |       |       |       |   554 |   654 ||  1208
         Arbalest          |       |       |       |       |   109 ||   109
 Invoke: Heroism           |       |       |    10 |    29 |    19 ||    58
         Finesse           |       |       |       |     1 |     3 ||     4
    Use: Scroll            |     2 |     9 |     7 |    11 |     4 ||    33
         Potion            |       |       |     4 |     4 |     1 ||     9
 Armour: Leather armour    |    17 |     4 |       |       |       ||    21
         Ring mail         |       |    44 |   197 |    36 |       ||   277
         Troll leather arm |       |       |       |   283 |   265 ||   548
  Dodge: Dodged            |    28 |    48 |   240 |   662 |   373 ||  1351

Table legend:
 A = Non-vault XP
 B = Vault XP
 C = Vault XP percentage of total XP
 D = Non-vault monster count
 E = Vault monster count
 F = Vault count percentage of total count
                 A         B        C        D         E       F
            +---------+---------+-------+---------+---------+-------
      Total |   53899 |   23893 |  30.7 |     316 |     139 |  30.5
            +---------+---------+-------+---------+---------+-------
        D:1 |      13 |       0 |   0.0 |       8 |       0 |   0.0
        D:2 |     146 |       0 |   0.0 |      28 |       0 |   0.0
        D:3 |      93 |      62 |  40.0 |      11 |       8 |  42.1
        D:4 |     461 |      17 |   3.6 |      14 |       6 |  30.0
        D:5 |     640 |      10 |   1.5 |      10 |       2 |  16.7
        D:6 |    1371 |     753 |  35.5 |      23 |      11 |  32.4
        D:7 |    1593 |     145 |   8.3 |      23 |       5 |  17.9
        D:8 |    1963 |     157 |   7.4 |      23 |       2 |   8.0
        D:9 |    1022 |     475 |  31.7 |      16 |       1 |   5.9
       D:10 |    5043 |       0 |   0.0 |      28 |       0 |   0.0
       D:11 |    5004 |       0 |   0.0 |      18 |       0 |   0.0
       D:12 |    1668 |       0 |   0.0 |       4 |       0 |   0.0
     Lair:1 |    5325 |    1226 |  18.7 |      18 |       4 |  18.2
     Lair:2 |    2631 |    1849 |  41.3 |       8 |       9 |  52.9
     Lair:3 |    6727 |    4348 |  39.3 |      27 |      19 |  41.3
     Lair:4 |   13256 |    1631 |  11.0 |      40 |      18 |  31.0
     Lair:5 |    6943 |   13220 |  65.6 |      17 |      54 |  76.1
            +---------+---------+-------+---------+---------+-------
